 Dungeon Crawl Stone Soup version 0.31-a0-150-g89dc3ad700 (webtiles) character file.

Game seed: 1646640853970315918

575 qw the Skirmisher (level 7, -8/60 HPs)
             Began as a Minotaur Hunter on June 8, 2023.
             Was a Follower of Okawaru.
             Mangled by a gnoll
             ... wielding a +0 flail
             ... led by a gnoll sergeant
              (10 damage)
             ... on level 5 of the Dungeon.
             The game lasted 00:01:31 (3951 turns).

qw the Skirmisher (Minotaur Hunter)                 Turns: 3951, Time: 00:01:32

Health: -8/60      AC:  5    Str: 13 (16) XL:     7   Next: 12%
Magic:  4/6        EV: 14    Int:  3 (6)  God:    Okawaru [*.....]
Gold:   93         SH:  0    Dex: 13 (15) Spells: 6/6 levels left

rFire   . . .        Y - +2 shortbow
rCold   . . .        (shield currently unavailable)
rNeg    . . .        g - +2 leather armour {rPois}
rPois   +            (helmet restricted)
rElec   .            (no cloak)
rCorr   .            (no gloves)
SInv    .            (no boots)
Will    .....        (no amulet)
Stlth   +++          (no ring)
HPRegen 0.30/turn    (no ring)
MPRegen 0.10/turn

%: no passive effects
@: about to teleport, heroic
A: horns 2, retaliatory headbutt
a: Renounce Religion, Heroism


You were on level 5 of the Dungeon.
You worshipped Okawaru.
Okawaru was aware of your devotion.
You visited 1 branch of the dungeon, and saw 5 of its levels.

You collected 240 gold pieces.
You spent 147 gold pieces at shops.


Innate Abilities, Weirdness & Mutations

You have a pair of horns on your head.
You reflexively headbutt those who attack you in melee.


   Skills:
 + Level 4.5(9.5) Fighting
 - Level 8.6(13.6) Ranged Weapons
 - Level 2.1(7.1) Dodging
 - Level 0.7(5.7) Stealth
 + Level 1.0 Invocations


You had 6 spell levels left.
You didn't know any spells.
Your spell library was empty.

Inventory:

Hand Weapons
 Y - a +2 shortbow (weapon)
Armour
 g - a +2 leather armour of poison resistance (worn)
Jewellery
 b - a ring of fire
Scrolls
 c - a scroll of identify
Potions
 a - a potion of might
 d - a potion of brilliance {unknown}
 e - a potion of heal wounds {unknown}
 f - a potion of haste {unknown}
 h - 2 potions of curing
 i - a potion of cancellation {unknown}
 k - a potion of attraction {unknown}

Dungeon Overview and Level Annotations

Branches:
Dungeon (5/15)             Temple (0/1) D:4

Altars:
Elyvilon
Gozag
Okawaru
Uskayaw

Shops:
D:2 (   D:3 ?

Annotations:
D:4 1 runed translucent door, Crazy Yiuf


Message History

The gnoll sergeant is heavily wounded.
The gnoll sergeant completely misses you.
You shoot an arrow.
The arrow closely misses the gnoll sergeant.
The arrow closely misses the gnoll.
A gnoll comes into view. It is wielding a +0 flail.
The gnoll sergeant barely misses you.
You shoot an arrow. The arrow hits the gnoll sergeant.
The gnoll sergeant is severely wounded.
The gnoll sergeant hits you from afar with a +0 spear.
You shoot an arrow. The arrow hits the gnoll!
The gnoll is severely wounded.
The gnoll sergeant completely misses you.
The gnoll hits you with a +0 club.
You shoot an arrow. The arrow hits the gnoll.
You kill the gnoll!
Okawaru accepts your kill.
The gnoll hits you from afar with a +0 spear.
The gnoll hits you with a +0 flail!
The gnoll sergeant hits you from afar with a +0 spear.
3948 ||| INVOKING Heroism.
You gain the combat prowess of a mighty hero.
The gnoll hits you with a +0 flail. The gnoll closely misses you.
You furiously retaliate!
You headbutt the gnoll! The gnoll sergeant closely misses you.
The gnoll hits you from afar with a +0 spear!
3949 ||| READING scroll of teleportation.
As you read the scroll of teleportation, it crumbles to dust.
You feel strangely unstable. The gnoll closely misses you.
The gnoll hits you with a +0 flail. The gnoll hits you with a +0 flail!
The gnoll sergeant hits you from afar with a +0 spear.
You shoot an arrow. The arrow hits the gnoll!
You kill the gnoll!
Okawaru accepts your kill.
Your Invocations skill increases to level 1!
You shoot an arrow. The arrow hits the gnoll!
The gnoll is severely wounded.
The gnoll sergeant closely misses you. The gnoll hits you with a +0 flail!
You die...

### ....
#####....
#..........
#.........#
#######)gg......#
.......@gg......#
#######.........#
#.........#
#.........#
#......<..#
#.........#
#.######### #.#
#.#


You could see a gnoll sergeant and 3 gnolls.

Vanquished Creatures
  Grinder (D:4)
  A scorpion (D:4)
  An orc priest (D:3)
  13 gnolls
  3 adders
  3 worms
  3 dart slugs (D:3)
  4 orcs
  8 ball pythons
  11 bats
  9 endoplasms
  2 giant cockroaches
  8 goblins
  13 hobgoblins
  7 jackals
  6 kobolds
  2 quokkas (D:4)
  5 frilled lizards
  11 rats
111 creatures vanquished.

Notes
Turn   | Place    | Note
-------+----------+-------------------------------------------
     0 | D:1      | qw the Minotaur Hunter began the quest for the Orb.
     0 | D:1      | Reached XP level 1. HP: 18/18 MP: 0/0
     0 | D:1      | 0 ||| qw: Version: 0.2-a-119-g0488c42
     0 | D:1      | 0 ||| qw: Game counter: 2700
     0 | D:1      | 0 ||| qw: Always use a shield: true
     0 | D:1      | 0 ||| qw: God list: Okawaru
     0 | D:1      | 0 ||| qw: Allow faded altars: false
     0 | D:1      | 0 ||| qw: Do Orc after D:15 true
     0 | D:1      | 0 ||| qw: Do second Lair branch before Depths: true
     0 | D:1      | 0 ||| qw: Lair rune preference: random
     0 | D:1      | 0 ||| qw: Plans: Normal
     0 | D:1      | 0 ||| PLANNING D:1-11
    91 | D:1      | Reached XP level 2. HP: 24/25 MP: 1/1
   135 | D:1      | Reached skill level 5 in Ranged Weapons
   394 | D:1      | Reached skill level 3 in Fighting
   584 | D:1      | Reached XP level 3. HP: 31/31 MP: 2/2
   772 | D:1      | 772 ||| UPGRADING to +2 leather armour of poison
                  | resistance.
   782 | D:1      | 782 ||| DROPPING +0 leather armour.
   783 | D:1      | 783 ||| READING scroll labelled KOOQAU ROPO.
   784 | D:1      | 784 ||| READING scroll labelled DIBLABLASHRO.
   785 | D:1      | 785 ||| DRINKING 3 fizzy coppery potions.
   786 | D:1      | 786 ||| DROPPING scroll of butterflies.
   787 | D:1      | 787 ||| DROPPING 2 potions of enlightenment.
   831 | D:2      | Found Peqo's Weapon Shoppe.
   983 | D:2      | Found a faded altar of an unknown god.
  1211 | D:2      | Reached XP level 4. HP: 38/38 MP: 3/3
  1292 | D:2      | Reached skill level 6 in Ranged Weapons
  1882 | D:2      | 1882 ||| READING scroll labelled SUSOAZO JALECS.
  1883 | D:2      | 1883 ||| READING scroll labelled LULAVI ARIAC.
  2124 | D:3      | HP: 2/38 [orc priest/divine providence (13)]
  2129 | D:3      | 2129 ||| FLEEEEING.
  2133 | D:3      | 2133 ||| FLEEEEING.
  2145 | D:3      | 2145 ||| FLEEEEING.
  2146 | D:3      | 2146 ||| FLEEEEING.
  2147 | D:3      | 2147 ||| FLEEEEING.
  2148 | D:3      | 2148 ||| FLEEEEING.
  2166 | D:3      | 2166 ||| FLEEEEING.
  2183 | D:3      | 2183 ||| FLEEEEING.
  2184 | D:3      | 2184 ||| FLEEEEING.
  2185 | D:3      | 2185 ||| FLEEEEING.
  2186 | D:3      | 2186 ||| FLEEEEING.
  2203 | D:3      | 2203 ||| FLEEEEING.
  2207 | D:3      | 2207 ||| STAIRDANCE
  2266 | D:2      | 2266 ||| READING scroll labelled XUSTRE IKUV.
  2479 | D:3      | Reached XP level 5. HP: 46/46 MP: 4/4
  2711 | D:3      | Found an opulent altar of Gozag.
  2812 | D:3      | Found an iron altar of Okawaru.
  2813 | D:3      | 2813 ||| PLANNING OKAWARU WORSHIP
  2813 | D:3      | 2813 ||| READING scroll labelled TIFYSCHIGIM.
  2814 | D:3      | 2814 ||| READING 3 scrolls labelled QEERPHO NIRERO.
  2893 | D:3      | 2893 ||| DRINKING 2 brown potions.
  2894 | D:3      | 2894 ||| DROPPING 2 scrolls of torment.
  2902 | D:3      | Became a worshipper of Warmaster Okawaru
  2902 | D:3      | 2902 ||| PLANNING D:1-11
  2978 | D:3      | Found Zocvif's Magic Scroll Boutique.
  2984 | D:3      | 2984 ||| BUYING scroll of enchant weapon (105 gold).
  2984 | D:3      | Bought a scroll of enchant weapon for 105 gold pieces
  2984 | D:3      | 2984 ||| BUYING scroll of teleportation (42 gold).
  2984 | D:3      | Bought a scroll of teleportation for 42 gold pieces
  2984 | D:3      | 2984 ||| SHOPLISTING scroll of teleportation (42 gold, have
                  | 32).
  2984 | D:3      | 2984 ||| READING scroll of enchant weapon.
  2984 | D:3      | 2984 ||| ENCHANTING +1 shortbow.
  3055 | D:4      | Found a hide-covered altar of Uskayaw.
  3069 | D:4      | Found a staircase to the Ecumenical Temple.
  3139 | D:4      | Reached skill level 7 in Ranged Weapons
  3221 | D:4      | Reached XP level 6. HP: 36/52 MP: 5/5
  3338 | D:4      | Found a white marble altar of Elyvilon.
  3340 | D:4      | Noticed Grinder
  3351 | D:4      | 3351 ||| FLEEEEING.
  3352 | D:4      | 3352 ||| FLEEEEING.
  3354 | D:4      | Paralysed by Grinder for 5 turns
  3360 | D:4      | Killed Grinder
  3360 | D:4      | Reached * piety under Okawaru
  3361 | D:4      | Reached skill level 8 in Ranged Weapons
  3560 | D:4      | Found a runed translucent door.
  3561 | D:4      | Noticed Crazy Yiuf
  3616 | D:4      | 3616 ||| INVOKING Heroism.
  3621 | D:4      | Reached XP level 7. HP: 59/59 MP: 3/6
  3872 | D:4      | 3872 ||| READING scroll labelled UHIFOECATAE.
  3873 | D:4      | 3873 ||| DRINKING 2 viscous white potions.
  3874 | D:4      | 3874 ||| READING 2 scrolls of identify.
  3874 | D:4      | 3874 ||| IDENTIFYING sapphire potion
  3875 | D:4      | 3875 ||| DROPPING potion of degeneration.
  3925 | D:5      | Entered Level 5 of the Dungeon
  3948 | D:5      | 3948 ||| INVOKING Heroism.
  3948 | D:5      | HP: 15/60 [gnoll/+0 spear[a gnoll sergeant] (8)]
  3949 | D:5      | 3949 ||| READING scroll of teleportation.
  3949 | D:5      | HP: 3/60 [gnoll/+0 flail[a gnoll sergeant] (8)]
  3951 | D:5      | Reached skill level 1 in Invocations
  3951 | D:5      | Mangled by a gnoll

Levels and vault maps discovered:
D:1:      giann_forest_graveyard, layout_basic
D:2:      layout_basic, serial_shops, nicolae_shop_bloodbath_and_beyond,
          ebering_ecumenical_altar_webs, ebering_dispersal_statue_hall,
          nrook_mini_vaults, st_stairs_7
D:3:      layout_loops_ring, kennysheep_okawaru_gauntlet,
          grunt_gozag_breadcrumbs, serial_shops, nicolae_shop_rolling_square
D:4:      layout_rooms, mainiacjoe_overflow_alcove_1, elyvilon_altar_1,
          minmay_temple_entry_waves, minivault_4, uniq_grinder,
          uniq_crazy_yiuf_cottage
D:5:      layout_basic, minmay_door_square

Skill      XL: |  1  2  3  4  5  6  7 |
---------------+----------------------+-----
Ranged Weapons | 5 6 7 8 |  8.6
Fighting       | 3 4 |  4.5
Invocations    | 1 |  1.0
Dodging        | |  2.1
Stealth        | |  0.7

Action                     |  1- 3 |  4- 6 |  7- 9 || total
---------------------------+-------+-------+-------++-------
   Fire: Shortbow          |    97 |   184 |    25 ||   306
 Invoke: Heroism           |       |     1 |     1 ||     2
    Use: Scroll            |     2 |     6 |     3 ||    11
         Potion            |     1 |     1 |     1 ||     3
 Armour: Leather armour    |     7 |    15 |       ||    22
  Dodge: Dodged            |    17 |    23 |     8 ||    48

Table legend:
 A = Non-vault XP
 B = Vault XP
 C = Vault XP percentage of total XP
 D = Non-vault monster count
 E = Vault monster count
 F = Vault count percentage of total count
                 A         B        C        D         E       F
            +---------+---------+-------+---------+---------+-------
      Total |     525 |     297 |  36.1 |     106 |       5 |   4.5
            +---------+---------+-------+---------+---------+-------
        D:1 |      47 |       0 |   0.0 |      27 |       0 |   0.0
        D:2 |      58 |       4 |   6.5 |      26 |       2 |   7.1
        D:3 |     178 |       3 |   1.7 |      28 |       2 |   6.7
        D:4 |     213 |     290 |  57.7 |      23 |       1 |   4.2
        D:5 |      29 |       0 |   0.0 |       2 |       0 |   0.0
            +---------+---------+-------+---------+---------+-------
